 Dungeon Crawl Stone Soup version 0.30-a0-263-ge22c4ad894 (webtiles) character file.

Game seed: 787300552518386302

38 Anon1729 the Trooper (level 3, -2/29 HPs)
             Began as a Mummy Monk on Oct 13, 2022.
             Slain by Terence
             ... wielding a +0 morningstar
              (8 damage)
             ... on level 2 of the Dungeon.
             The game lasted 00:01:45 (1690 turns).

Anon1729 the Trooper (Mummy Monk)                   Turns: 1690, Time: 00:01:45

Health: -2/29      AC:  4    Str: 14    XL:     3   Next: 25%
Magic:  12/12      EV: 13    Int:  9    God:
Gold:   113        SH:  0    Dex: 22    Spells: 2/2 levels left

rFire   x . .      SeeInvis .    a - +4 short sword
rCold   + . .      Faith    +    (no shield)
rNeg    + + +      Spirit   .    b - +0 robe
rPois   ∞          Reflect  .    k - +1 hat
rElec   .          Harm     .    (no cloak)
rCorr   .          Rampage  .    d - +0 pair of gloves
Will    .....                    (no boots)
Stlth   ++........               (no amulet)
HPRegen 0.24/turn                g - ring of magical power
MPRegen 0.13/turn                i - +6 ring of dexterity

@: no status effects
A: cold resistance 1, negative energy resistance 3, torment resistance 2, heat
vulnerability 1, in touch with death 1, no potions, faith
a: no special abilities


You were on level 2 of the Dungeon.
You visited 1 branch of the dungeon, and saw 3 of its levels.

You collected 113 gold pieces.

Inventory:

Hand Weapons
 a - a +4 short sword (weapon)
Missiles
 j - 3 poisoned darts (quivered)
Armour
 b - a +0 robe (worn)
 d - a +0 pair of gloves (worn)
 k - a +1 hat (worn)
Jewellery
 g - a ring of magical power (left hand)
 i - a +6 ring of dexterity (right hand)
 l - a +4 ring of slaying
Scrolls
 c - a scroll of fear {unknown}
 e - a scroll of acquirement {unknown}
 f - a scroll of identify {unknown}
 h - a scroll of enchant armour {unknown}


   Skills:
 + Level 3.4 Fighting
 + Level 2.7 Short Blades
 + Level 2.7 Dodging
 + Level 2.1 Stealth


You had 2 spell levels left.
You didn't know any spells.
Your spell library contained the following spells:

 Spells                   Type           Power      Damage    Failure   Level
 Summon Guardian Golem    Hex/Summ       0%         N/A       77%         3
 Orb of Destruction       Conj           0%         9d5       100%        7
 Spellforged Servitor     Conj/Summ      0%         N/A       100%        7


Dungeon Overview and Level Annotations

Branches:
Dungeon (3/15)

Altars:

Annotations:
D:2 Terence


Innate Abilities, Weirdness & Mutations

You are immune to poison.
Your flesh is cold resistant. (rC+)
You are immune to negative energy. (rN+++)
You are immune to unholy pain and torment.
You are vulnerable to heat. (rF-)
You are in touch with the powers of death.
You do not drink.
You have a special connection with the divine. (Faith)


Message History

Terence is lightly wounded.
Terence hits you with a +0 morningstar. The grasping roots constrict you.
The grasping roots release their grip on you.
You hit Terence.
Terence is heavily wounded.
You puncture Terence!
Terence is severely wounded.
Terence closely misses you.
You barely miss Terence.
Terence is severely wounded.
Terence hits you with a +0 morningstar.
You hit Terence.
Terence is almost dead.
Terence zaps a wand.
The roots erupt in riotous growth!
The grasping roots grab you!
Terence is unaffected.
The grasping roots constrict you.
You hit Terence but do no damage.
Terence is almost dead.
Terence hits you with a +0 morningstar. The grasping roots constrict you.
You are too injured to fight recklessly!
You are too injured to fight recklessly!
You are too injured to fight recklessly!
You are too injured to fight recklessly!
You are too injured to fight recklessly!
You are too injured to fight recklessly!
You hit Terence.
Terence is almost dead.
Terence barely misses you. The grasping roots constrict you.
You hit Terence but do no damage.
Terence is almost dead.
The grasping roots release their grip on you.
You hit Terence.
Terence is almost dead.
Terence hits you with a +0 morningstar.
* * * LOW HITPOINT WARNING * * *
You closely miss Terence.
Terence is almost dead.
Terence screams, "I'm going to kill you!"
Terence hits you with a +0 morningstar!
You die...

#.#)# #.###...###
#.#.# #.......[..
#.#.# ######.....
###.#.# ##.###
#.....# #.#
##.....#########[#
#........!.......#
#.............######
#..@@........<......
#.##......>...######
#.##...>.....(#
#.##..........#
#.###.........######
#.# #..............#
#.###.........####.#
#.##.........## #.#
............######.#


You could see Terence.

Vanquished Creatures
  A worm (D:2)
  A dart slug (D:1)
  2 ball pythons
  2 endoplasms
  2 giant cockroaches (D:1)
  3 hobgoblins
  4 jackals (D:2)
  3 kobolds (D:1)
  A quokka (D:1)
  4 bats
  A frilled lizard (D:1)
  7 rats
31 creatures vanquished.

Notes
Turn   | Place    | Note
-------+----------+-------------------------------------------
     0 | D:1      | Anon1729 the Mummy Monk began the quest for the Orb.
     0 | D:1      | Reached XP level 1. HP: 18/18 MP: 1/1
   429 | D:1      | Reached XP level 2. HP: 23/24 MP: 2/2
  1005 | D:2      | Noticed Terence
  1213 | D:2      | Gained mutation: You are in touch with the powers of death.
                  | [Mummy growth]
  1213 | D:2      | Reached XP level 3. HP: 14/29 MP: 3/3
  1477 | D:2      | Found a faded altar of an unknown god.
  1690 | D:2      | Slain by Terence

Illustrated notes

Levels and vault maps discovered:
D:1:      kilobyte_arrival_exit_the_forest, layout_loops_ring
D:2:      layout_loops_ring, ebering_ecumenical_altar_hall, kennysheep_path_1,
          uniq_terence
D:3:      cheibrodos_pilgrimage, layout_rooms, serial_rivers,
          chequers_serial_rivers_room_a, chequers_serial_rivers_small_3,
          chequers_serial_rivers_small_b, chequers_serial_rivers_small_a,
          grunt_ministairs_9, uniq_robin

Skill      XL: |  1  2 |
---------------+-------+-----
Stealth        | 2 |  2.1
Fighting       | |  3.4
Short Blades   | |  2.7
Dodging        | |  2.7

Action                   || total
-------------------------++-------
Melee: Short sword       ||   127
 Stab: Sleeping          ||     6
Armor: Robe              ||    33
Dodge: Dodged            ||    87

Table legend: (Time is in decaauts)
 A = Elapsed time spent in this place.
 B = Non-inter-level travel time spent in this place.
 C = Inter-level travel time spent in this place.
 D = Time resting spent in this place.
 E = Time spent auto-exploring this place.
 F = Levels seen in this place.
 G = Mean time per level.
                   A        B        C        D        E       F      G
               +--------+--------+--------+--------+--------+-----+--------+
         Total |   1683 |   1651 |     32 |    132 |   1226 |   3 |  561.0 |
       Dungeon |   1683 |   1651 |     32 |    132 |   1226 |   3 |  561.0 |
               +--------+--------+--------+--------+--------+-----+--------+

Top non-repeatable levels by time:
     D:1: 924 daAuts
     D:2: 757 daAuts
     D:3: 1 daAuts
